 Dungeon Crawl Stone Soup version 0.28.0-53-g5a82cb258f (webtiles) character file.

Game seed: 2798271125745959186

653 Tirrikindir the Slasher (level 7, -5/48 HPs)
             Began as an Octopode Fighter on Aug 16, 2022.
             Killed from afar by an orc wizard (9 damage)
             ... with a puff of flame
             ... on level 5 of the Dungeon.
             The game lasted 00:08:24 (5136 turns).

Tirrikindir the Slasher (Octopode Fighter)          Turns: 5136, Time: 00:08:24

Health: -5/48      AC:  1    Str: 15    XL:     7   Next: 54%
Magic:  7/7        EV: 14    Int: 11    God:
Gold:   195        SH:  0    Dex: 13    Spells: 6/6 levels left

rFire   . . .      SeeInvis .   a - +0 long sword
rCold   . . .      Faith    .   b - +0 buckler
rNeg    . . .      Spirit   .   (helmet restricted)
rPois   .          Reflect  .   (no amulet)
rElec   .          Harm     .   f - ring of flight
rCorr   .          Rampage  .   (no ring)
Will    .....                   (no ring)
Stlth   ++........              (no ring)
HPRegen 0.16/turn               (no ring)
MPRegen 0.10/turn               (no ring)
                                (no ring)
                                (no ring)

@: confused, flying
A: almost no armour, amphibious, 8 rings, camouflage 1, gelatinous body 1,
(nimble swimmer 1), tentacles, beak, deterioration 1
a: no special abilities


You were on level 5 of the Dungeon.
You visited 1 branch of the dungeon, and saw 5 of its levels.

You collected 195 gold pieces.

Inventory:

Hand Weapons
 a - a +0 long sword (weapon)
 d - a +2 short sword of speed
Missiles
 e - 11 poisoned darts (quivered)
Armour
 b - a +0 buckler (worn)
Jewellery
 f - a ring of flight (left tentacle)
 h - an amulet of faith
Potions
 c - a potion of might
 i - a potion of lignification {unknown}
 j - 2 potions of mutation


   Skills:
 - Level 4.0 Fighting
 * Level 5.5 Long Blades
 + Level 0.6 Throwing
 - Level 4.0 Dodging
 + Level 4.9 Stealth
 - Level 4.0 Shields


You had 6 spell levels left.
You didn't know any spells.
Your spell library contained the following spells:

 Spells                   Type           Power      Damage    Failure   Level
 Beastly Appendage        Tmut           0%         N/A       41%         1
 Wereblood                Tmut           0%         N/A       56%         2
 Spider Form              Tmut/Pois      0%         N/A       80%         3
 Summon Forest            Summ/Tloc      0%         N/A       100%        5
 Eringya's Noxious Bog    Tmut/Pois      0%         N/A       100%        6
 Summon Hydra             Summ           0%         N/A       100%        7


Dungeon Overview and Level Annotations

Branches:
Dungeon (5/15)
 Temple: D:4-7

Altars:


Innate Abilities, Weirdness & Mutations

You cannot wear most types of armour.
You are amphibious.
You can wear up to eight rings at the same time.
Your skin changes colour to match your surroundings (Stealth+).
Your rubbery body absorbs attacks. (AC +1, EV +1)
((You are camouflaged when in or above water. (Stealth+)))
You have tentacles for arms and can constrict up to eight enemies at once.
You have a beak for a mouth.
Your body sometimes deteriorates upon taking damage.


Message History

You hit the scorpion.
You squeeze the scorpion, but do no damage.
The scorpion is severely wounded.
You constrict the scorpion.
You feel sick. The scorpion closely misses you.
You slash the scorpion!
You kill the scorpion!
You feel sick.
You miss something.
You feel sick. Something hits you.
You miss something. You squeeze something!
You feel sick.
You are no longer poisoned.
Something completely misses you. Something barely misses you.
You miss something.
You hear some strange, mumbled words.
You are confused.
You're too confused to move!
Something hits you.
You miss something.
You hear some strange, mumbled words.
Something tries to affect you, but you resist.
You bump into the rock wall.
You hear some strange, mumbled words.
A puff of flame appears from out of thin air!
The puff of flame hits you!
* * * LOW HITPOINT WARNING * * *
You feel better. You block something's attack.
You miss something. Your squeeze misses something.
You hear some strange, mumbled words.
You are confused.
You bump into the rock wall.
Something hits you.
* * * LOW HITPOINT WARNING * * *
You miss something. Something hits you.
* * * LOW HITPOINT WARNING * * *
It was a potion of mutation.
You feel extremely strange.
Your mouth lengthens and hardens into a beak!
You feel yourself wasting away. Something hits you.
* * * LOW HITPOINT WARNING * * *
You hear some strange, mumbled words.
A puff of flame appears from out of thin air!
The puff of flame hits you!
You die...

#.#.#.##.# #.#.#....#
#)#.####### #.#........
###'#.######.
#.........# #####
#.........#
.....##+######..(......#
o...(....o{.@'.........#
........(#####.........#
###..:..# #.........#
#.....# #.........#
#.....# ###########
#.....# #.....# #.....#
#.....#


You could see an orc.

Vanquished Creatures
  A necrophage (D:4)
  A scorpion (D:5)
  A water moccasin skeleton (D:4)
  A hound (D:4)
  3 orc priests (D:4)
  Terence (D:3)
  Jessica (D:2)
  An iguana (D:3)
  An orc wizard (D:4)
  4 gnolls (D:4)
  6 adders
  An adder skeleton (D:4)
  2 worms
  2 dart slugs
  15 orcs
  7 ball pythons
  8 bats
  6 endoplasms
  5 giant cockroaches
  7 goblins
  12 hobgoblins
  8 jackals
  4 quokkas
  9 kobolds
  6 rats
113 creatures vanquished.

Notes
Turn   | Place    | Note
-------+----------+-------------------------------------------
     0 | D:1      | Tirrikindir the Octopode Fighter began the quest for the
                  | Orb.
     0 | D:1      | Reached XP level 1. HP: 16/16 MP: 1/1
   443 | D:1      | Reached XP level 2. HP: 21/21 MP: 2/2
   694 | D:1      | Reached skill level 1 in Stealth
   841 | D:1      | Reached XP level 3. HP: 26/26 MP: 3/3
  1611 | D:2      | Identified the +3 ring mail "Nafene" {Drain +Blink Str+4}
  1659 | D:2      | Found a faded altar of an unknown god.
  1877 | D:2      | Reached XP level 4. HP: 27/31 MP: 4/4
  2087 | D:2      | Reached skill level 3 in Long Blades
  2167 | D:2      | Noticed Jessica
  2170 | D:2      | Killed Jessica
  2336 | D:3      | Reached XP level 5. HP: 26/36 MP: 5/5
  2857 | D:3      | Noticed Terence
  2868 | D:3      | Killed Terence
  3264 | D:4      | Reached XP level 6. HP: 34/43 MP: 6/6
  3427 | D:3      | Reached skill level 4 in Long Blades
  3640 | D:4      | Noticed a necrophage
  3651 | D:4      | Killed a necrophage
  3882 | D:4      | Reached XP level 7. HP: 8/48 MP: 7/7
  4297 | D:4      | Reached skill level 5 in Long Blades
  5071 | D:5      | Entered Level 5 of the Dungeon
  5135 | D:5      | Gained mutation: You have a beak for a mouth. [potion of
                  | mutation]
  5135 | D:5      | Gained mutation: Your body sometimes deteriorates upon
                  | taking damage. [potion of mutation]
  5136 | D:5      | Killed from afar by an orc wizard

Illustrated notes

Levels and vault maps discovered:
D:1:      minmay_arrival_cross, layout_basic
D:2:      layout_loops_ring, hellmonk_ecumenical_altar_heavens_door,
          uniq_jessica
D:3:      layout_loops_cross, st_stairs_10, uniq_terence
D:4:      layout_loops_ring, minmay_distorted
D:5:      layout_basic

Skill      XL: |  1  2  3  4  5  6  7 |
---------------+----------------------+-----
Stealth        | 1 2 3 4 |  4.9
Long Blades    | 3 4 5 |  5.5
Dodging        | 4 |  4.0
Shields        | 4 |  4.0
Fighting       | 4 |  4.0
Throwing       | |  0.6

Action                   |  1- 3 |  4- 6 |  7- 9 || total
-------------------------+-------+-------+-------++-------
Melee: Long sword        |    72 |    98 |    57 ||   227
       Constrict         |    15 |    34 |    12 ||    61
       Tentacles         |     9 |    21 |    19 ||    49
       Punch             |     1 |     3 |     2 ||     6
Throw: Dart              |       |       |     2 ||     2
  Use: Scroll            |     2 |     2 |     1 ||     5
       Potion            |       |     2 |     2 ||     4
 Stab: Sleeping          |     8 |    10 |     4 ||    22
       Distracted        |       |       |     1 ||     1
Armor: Skin              |     3 |     6 |     1 ||    10
Dodge: Dodged            |    42 |    48 |    24 ||   114
Block: Buckler           |    11 |    28 |     9 ||    48
